 Dungeon Crawl Stone Soup version 0.19-a0-1218-gcd7aee6 (webtiles) character file.

311 Arkorax the Chopper (level 6, 0/48 HPs)
             Began as a Demonspawn Gladiator on Aug 24, 2016.
             Was an Initiate of Okawaru.
             Succumbed to a worker ant's poison
             ... on level 4 of the Dungeon.
             The game lasted 00:03:12 (3098 turns).

Arkorax the Chopper (Demonspawn Gladiator)          Turns: 3098, Time: 00:03:12

Health: 0/48       AC:  4    Str: 18    XL:     6   Next: 18%
Magic:  6/6        EV: 13    Int:  9    God:    Okawaru [......]
Gold:   125        SH:  0    Dex: 15    Spells: 0 memorised, 5 levels left

rFire  + . .     SeeInvis .     a - +0 war axe
rCold  . . .     Gourm    .     b - +0 leather armour
rNeg   . . .     Faith    .     (no shield)
rPois  .         Spirit   .     (helmet restricted)
rElec  .         Dismiss  .     (no cloak)
rCorr  .         Reflect  .     i - +0 pair of gloves
MR     .....     Harm     .     (no boots)
Stlth  ++........               (no amulet)
                                (no ring)
                                (no ring)

@: lethally poisoned (0 -> -5)
A: horns 2, thin skeletal structure 1, fire resistance 1
a: Renounce Religion


You were on level 4 of the Dungeon.
You worshipped Okawaru.
Okawaru was noncommittal.
You were hungry.

You visited 1 branch of the dungeon, and saw 4 of its levels.

You collected 125 gold pieces.

Inventory:

Hand Weapons
 a - a +0 war axe (weapon)
Missiles
 d - 2 throwing nets (quivered)
Armour
 b - a +0 leather armour (worn)
 c - a +0 helmet
 i - a +0 pair of gloves (worn)
Jewellery
 l - an uncursed amulet of harm {unknown}
 m - an uncursed ring of resist corrosion {unknown}
 q - an uncursed ring of ice {unknown}
Scrolls
 e - a scroll of fog {unknown}
 h - 3 scrolls of identify {unknown}
 k - a scroll of recharging {unknown}
 n - a scroll of remove curse {unknown}
 o - a scroll of random uselessness {unknown}
Comestibles
 f - 2 bread rations
 g - a royal jelly
 j - a meat ration
 p - 2 fruits
 r - a chunk of flesh


   Skills:
 + Level 3.7 Fighting
 * Level 4.9 Axes
 - Level 1.7 Throwing
 + Level 3.7 Dodging
 + Level 1.0 Invocations


You had 5 spell levels left.
You didn't know any spells.

Dungeon Overview and Level Annotations

Branches:
Dungeon (4/15)
 Temple: D:4-7

Altars:
Okawaru


Innate Abilities, Weirdness & Mutations

You have a pair of horns on your head.
You have a somewhat thin skeletal structure. (Dex +2, Stealth)
Your flesh is heat resistant. (rF+)


Message History

You hit the quokka.
* * * LOW HITPOINT WARNING * * *
You feel sick. The worker ant closely misses you.
The quokka bites you but does no damage.
You hit the worker ant. Your headbutt misses the worker ant.
The worker ant is heavily wounded.
You hit the quokka.
You kill the quokka!
Okawaru accepts your kill.
Your Invocations skill increases to level 1!
* * * LOW HITPOINT WARNING * * *
You feel sick. The worker ant closely misses you. x2
You aren't carrying any potions.
Unknown command.
Throwing (i - inventory):
d - 3 throwing nets (quivered)
Press: ? - help, Shift-Dir - straight line, f - worker ant
Aim: a worker ant (heavily wounded)
You throw a throwing net.
The throwing net closely misses the worker ant.
You die...

. # #. .# .# .##
.## #.. .. ?. ...
#. .#. # #.. .#
#†# .##.##..##.#
#@# .........#.#
#a# ....##...#.
#.#
.........####.#
......#....##.#
##....(...(#
#.(###....<#.####
...........#.###
...........#...##


You could see a worker ant.

Vanquished Creatures
  An ogre (D:3)
  An orc priest (D:3)
  A hound (D:4)
  An orc wizard (D:3)
  Jessica (D:2)
  4 adders
  3 worms
  2 dart slugs (D:2)
  A giant gecko (D:1)
  7 orcs (D:3)
  A ball python (D:3)
  A giant cockroach (D:1)
  4 goblins
  5 hobgoblins
  4 jackals (D:1)
  2 quokkas
  4 bats
  3 giant newts
  7 kobolds
  14 rats
67 creatures vanquished.

Notes
Turn   | Place    | Note
-------+----------+-------------------------------------------
     0 | D:1      | Arkorax the Demonspawn Gladiator began the quest for the Orb.
     0 | D:1      | Reached XP level 1. HP: 16/16 MP: 1/1
   126 | D:1      | Gained mutation: You have a pair of small horns on your head. [demonic ancestry]
   126 | D:1      | Reached XP level 2. HP: 22/23 MP: 2/2
   157 | D:1      | Reached skill level 3 in Axes
   800 | D:2      | Gained mutation: You have a somewhat thin skeletal structure. (Dex +2, Stealth) [demonic ancestry]
   800 | D:2      | Reached XP level 3. HP: 28/28 MP: 3/3
   852 | D:2      | Noticed Jessica
   856 | D:2      | Killed Jessica
  1077 | D:2      | Found an iron altar of Okawaru.
  1083 | D:2      | Became a worshipper of Warmaster Okawaru
  1106 | D:2      | HP: 1/28 [worm (9)]
  1415 | D:2      | Gained mutation: You have a pair of horns on your head. [demonic ancestry]
  1415 | D:2      | Reached XP level 4. HP: 29/34 MP: 4/4
  1803 | D:2      | Reached skill level 4 in Axes
  2169 | D:3      | Reached XP level 5. HP: 22/41 MP: 5/5
  2485 | D:3      | Noticed an ogre
  2493 | D:3      | Killed an ogre
  2493 | D:3      | Gained mutation: Your flesh is heat resistant. (rF+) [demonic ancestry]
  2493 | D:3      | Reached XP level 6. HP: 29/47 MP: 6/6
  3096 | D:4      | HP: 2/48 [poisoned by a worker ant]
  3097 | D:4      | Reached skill level 1 in Invocations
  3098 | D:4      | Succumbed to a worker ant's poison

Vault maps used:
D:1:      elethiomel_arrival_diamonds
D:2:      lemuel_doored_altar, uniq_jessica
D:3:      item_on_display_a
D:4:      nicolae_overflow_crystal_walls, first_bread, kennysheep_generic_room_8

Skill      XL: |  1  2  3  4  5  6 |
---------------+-------------------+-----
Axes           | 3 4 |  4.9
Dodging        | 3 |  3.7
Fighting       | 3 |  3.7
Invocations    | 1 |  1.0
Throwing       | |  1.7

Action                   |  1- 3 |  4- 6 || total
-------------------------+-------+-------++-------
Melee: War axe           |    64 |    96 ||   160
       Headbutt          |     5 |    18 ||    23
Throw: Throwing net      |       |     1 ||     1
  Use: Potion            |       |     3 ||     3
 Stab: Sleeping          |       |     2 ||     2
  Eat: Bread ration      |     1 |       ||     1
       Chunk             |       |     2 ||     2
Armor: Leather armour    |    22 |    29 ||    51
Dodge: Dodged            |    39 |    59 ||    98
